 Dungeon Crawl Stone Soup version 0.28-a0-730-g892d06dc2c (webtiles) character file.

Game seed: 8849757770006054533

82 cheechan the Skirmisher (level 4, 0/43 HPs)
             Began as a Naga Fighter on Oct 28, 2021.
             Slain by an adder (4 damage)
             ... on level 3 of the Dungeon.
             The game lasted 00:08:44 (2682 turns).

cheechan the Skirmisher (Naga Fighter)              Turns: 2682, Time: 00:08:45

Health: 0/43       AC:  5    Str: 18 (20) XL:     4   Next: 43%
Magic:  4/4        EV:  7    Int:  5 (8)  God:
Gold:   1147       SH:  4    Dex:  8 (10) Spells: 1/3 levels left

rFire   + . .      SeeInvis +   a - +0 long sword
rCold   x . .      Faith    .   c - +0 buckler
rNeg    . . .      Spirit   .   b - +0 scale mail
rPois   +          Reflect  .   (no helmet)
rElec   .          Harm     .   (no cloak)
rCorr   .          Rampage  .   (no gloves)
Will    .....                   (no barding)
Stlth   ..........              (no amulet)
HPRegen 0.14/turn               j - ring of fire
MPRegen 0.09/turn               (no ring)

@: lethally poisoned (0 -> -4), very slow
A: AC +1, large, see invisible, deformed body, poison resistance, slowness 2,
spit poison 1, naga tail 1
a: Spit Poison


You were on level 3 of the Dungeon.
You visited 1 branch of the dungeon, and saw 3 of its levels.

You collected 1147 gold pieces.

Inventory:

Hand Weapons
 a - a +0 long sword (weapon)
 g - a +0 dagger
Missiles
 l - 10 poisoned darts
Armour
 b - a +0 scale mail (worn)
 c - a +0 buckler (worn)
Jewellery
 j - a ring of fire (left hand)
Potions
 d - a potion of might
 e - 2 potions of flight
 f - a potion of heal wounds {unknown}
 h - a potion of magic {unknown}
 k - a potion of lignification {unknown}


   Skills:
 + Level 3.6 Fighting
 + Level 2.9 Long Blades
 + Level 3.0 Armour
 + Level 0.2 Dodging
 + Level 0.1 Stealth
 + Level 2.7 Shields


You had one spell level left.
You knew the following spells:

 Your Spells              Type           Power      Damage    Failure   Level
a - Pain                  Necr           0%         1d4       86%         1
b - Foxfire               Conj/Fire      0%         2x1d4     86%         1

Your spell library contained the following spells:

 Spells                   Type           Power      Damage    Failure   Level
 Agony                    Necr           0%         N/A       100%        5
 Excruciating Wounds      Necr           0%         N/A       100%        5


Dungeon Overview and Level Annotations

Branches:
Dungeon (3/15)

Altars:


Innate Abilities, Weirdness & Mutations

Your serpentine skin is tough. (AC +1)
You have supernaturally acute eyesight. (SInv)
Armour fits poorly on your strangely shaped body.
Your system is resistant to poisons. (rPois)
You cover ground very slowly.
You can spit poison.
You have a snake-like lower body.


Message History

The goblin hits you but does no damage.
The quokka bites you but does no damage.
It was a potion of curing.
You feel better. The adder bites you but does no damage.
The quokka bites you but does no damage. x2
The goblin hits you but does no damage. The adder bites you but does no damage.
You barely miss the adder.
The adder is heavily wounded.
You have got your breath back.
The quokka bites you.
* * * LOW HITPOINT WARNING * * *
The adder bites you.
* * * LOW HITPOINT WARNING * * *
The quokka bites you but does no damage.
The goblin closely misses you.
Your scale mail prevents you from hitting the goblin.
The adder bites you but does no damage.
The quokka bites you but does no damage.
The quokka bites you.
* * * LOW HITPOINT WARNING * * *
The goblin hits you but does no damage.
The quokka bites you but does no damage.
The adder bites you.
* * * LOW HITPOINT WARNING * * *
The quokka bites you.
* * * LOW HITPOINT WARNING * * *
You feel better. The goblin hits you with a +0 dagger.
* * * LOW HITPOINT WARNING * * *
The adder bites you.
* * * LOW HITPOINT WARNING * * *
You are poisoned.
The adder poisons you! The quokka bites you.
* * * LOW HITPOINT WARNING * * *
You block the quokka's attack.
It was a potion of degeneration.
There was something very wrong with that liquid.
You feel weakened.
You feel dopey.
You feel clumsy.
* * * LOW HITPOINT WARNING * * *
You feel sick. The adder bites you.
You die...

.......# ..##...
.......# .......
.......##### ##.#.#...
..........>#####......#.
.#......##...##.........
.##.#.#.................
###[#..#.........r......
.<..............@r......
...............gS.......
...##..........>........
.#..#..............>....
###.#...................
##..................##.
##...#..............##
##.#..............###
.†.................###


You could see an adder, 2 quokkas and a goblin.

Vanquished Creatures
  An iguana (D:3)
  An adder (D:3)
  2 dart slugs
  7 bats
  3 endoplasms (D:1)
  A giant cockroach (D:2)
  3 goblins (D:1)
  5 hobgoblins
  6 jackals
  6 kobolds
  A quokka (D:1)
  2 ball pythons (D:3)
  2 frilled lizards
  A rat (D:1)
41 creatures vanquished.

Notes
Turn   | Place    | Note
-------+----------+-------------------------------------------
     0 | D:1      | cheechan the Naga Fighter began the quest for the Orb.
     0 | D:1      | Reached XP level 1. HP: 21/21 MP: 1/1
   113 | D:1      | Reached XP level 2. HP: 24/28 MP: 2/2
   242 | D:1      | Learned a level 1 spell: Pain
  1165 | D:2      | Identified a scroll of acquirement
  1165 | D:2      | Acquired 1021 gold pieces
  1228 | D:2      | Reached XP level 3. HP: 15/34 MP: 3/3
  2383 | D:2      | Found a faded altar of an unknown god.
  2405 | D:2      | Got Plato's Disquisition on the Blaze
  2414 | D:2      | Learned a level 1 spell: Foxfire
  2574 | D:3      | Reached XP level 4. HP: 37/42 MP: 4/4
  2677 | D:3      | HP: 2/43 [adder (3)]
  2682 | D:3      | Slain by an adder

Illustrated notes

Levels and vault maps discovered:
D:1:      minmay_arrival_loop, layout_loops_corners, st_stairs_12
D:2:      layout_basic, shapermc_ecumenical_altar_rom_forum, minivault_14
D:3:      layout_rooms, mainiacjoe_overflow_alcove_2, dancing_weapons_uskayaw

Skill      XL: |  1  2  3 |
---------------+----------+-----
Armour         | 3 |  3.0
Fighting       | |  3.6
Long Blades    | |  2.9
Dodging        | |  0.2
Stealth        | |  0.1
Shields        | |  2.7

Action                   |  1- 3 |  4- 6 || total
-------------------------+-------+-------++-------
Melee: Long sword        |   100 |    23 ||   123
 Abil: Spit Poison       |     5 |     4 ||     9
  Use: Scroll            |     3 |       ||     3
       Potion            |       |     3 ||     3
Armor: Scale mail        |    59 |    39 ||    98
Dodge: Dodged            |    62 |    14 ||    76
Block: Buckler           |    24 |     9 ||    33

Table legend: (Time is in decaauts)
 A = Elapsed time spent in this place.
 B = Non-inter-level travel time spent in this place.
 C = Inter-level travel time spent in this place.
 D = Time resting spent in this place.
 E = Time spent auto-exploring this place.
 F = Levels seen in this place.
 G = Mean time per level.
                   A        B        C        D        E       F      G
               +--------+--------+--------+--------+--------+-----+--------+
         Total |   3452 |   3452 |      0 |    622 |      0 |   3 | 1150.7 |
       Dungeon |   3452 |   3452 |      0 |    622 |      0 |   3 | 1150.7 |
               +--------+--------+--------+--------+--------+-----+--------+

Top non-repeatable levels by time:
     D:1: 1974 daAuts
     D:2: 1329 daAuts
     D:3: 148 daAuts
